 Dungeon Crawl Stone Soup version 0.32-a0-818-gb728d0252e (webtiles) character file.

Game seed: 5251300129468477300

553640 shadizar the Petrodigitator (level 27, -4/209 HPs)
             Began as a Djinni Conjurer on Mar 24, 2024.
             Was the Champion of Makhleb.
             Killed from afar by a starcursed mass (16 damage)
             ... with an accursed screaming
             ... on level 5 of the Abyss.
             The game lasted 02:09:50 (53113 turns).

shadizar the Petrodigitator (Djinni Conjurer)      Turns: 53113, Time: 02:09:50

Health: -4/209     AC: 27    Str: 16    XL:     27
Gold:   4151       EV: 19    Int: 41    God:    Makhleb [******] SH: 19 Dex: 13

rFire   + + +        U - staff of cold
rCold   + + .        X - +5 kite shield {AC+3}
rNeg    + + +        y - +3 pearl dragon scales
rPois   ∞            R - +2 hat
rElec   +            L - scarf {rC+ rF+}
rCorr   +            Q - +1 pair of gloves "Runeg" {rN+ Str+4}
SInv    .            (boots unavailable)
Will    ++++.        u - amulet "Qakluxer" {rElec rC- rN+ Regen+ Int+7}
Stlth   ++           r - ring of the Chimera {rN++ Will+ Str+6}
HPRegen 1.34/turn    w - ring of Kuduxit {rElec rC+ Will+ EV+5 Int+3}
MPRegen 0.00/turn

%: random rage (9%), infuse magic (-5 HP)
@: resistant, flying, studying 2 skills, silenced, invisible
A: sickness immunity, fire resistance 2, cold vulnerability 1, float, innate
caster, HP casting, extra vitality 1, dopey 1, persistent drain, [berserk 2],
subdued magic 1[+2], [inability to drink after injury 2], [inability to read
after injury 2]
}: 4/15 runes: serpentine, barnacled, slimy, silver
a: Renounce Religion


You were on level 5 of the Abyss.
You worshipped Makhleb.
Makhleb was exalted by your worship.
You visited 10 branches of the dungeon, and saw 45 of its levels.
You visited the Abyss 2 times.
You also visited: Trove, Sewer, Ossuary and Bailey.

You collected 6603 gold pieces.
You spent 2452 gold pieces at shops.

Inventory:

Hand Weapons
 C - the +4 demon blade "Bitaesmahey" {flame, rN+++ Will- Int-2 Dex+5}
   (You found it on level 3 of the Elven Halls)

   Int-2:     It affects your intelligence (-2).
   Dex+5:     It affects your dexterity (+5).
   rN+++:     It renders you almost immune to negative energy.
   Will-:     It decreases your willpower.
Missiles
 o - 47 silver javelins
Armour
 c - the scarf "Bulev" {+Inv, rF+ Dex+3}
   (You acquired it on level 5 of the Pits of Slime)

   Dex+3:     It affects your dexterity (+3).
   rF+:       It protects you from fire.
 y - +3 pearl dragon scales (worn)
 G - the +3 leather armour of the Lost Leaping Bones {Regen+ Int+2 Dex+3 Stlth-}
   (You found it on level 12 of the Dungeon)

   Int+2:     It affects your intelligence (+2).
   Dex+3:     It affects your dexterity (+3).
   Regen+:    It increases your rate of health regeneration.
   Stlth-:    It makes you less stealthy.
 L - a scarf of resistance (worn)
 Q - the +1 pair of gloves "Runeg" (worn) {rN+ Str+4}
   (You found it on level 10 of the Dungeon)

   Str+4:     It affects your strength (+4).
   rN+:       It protects you from negative energy.
 R - a +2 hat (worn)
 T - a +2 tower shield of poison resistance
 X - a +5 kite shield of protection (worn)
 Y - the +5 moon troll leather armour {Spirit, Regen++ MP+5}
   (You found it on level 5 of the Pits of Slime)

   MP+5:      It affects your magic capacity (+5).
   Regen++:   It increases your rate of health regeneration.
Magical Staves
 U - a staff of cold (weapon)
Jewellery
 k - the ring "Horal" {^Drain rPois rCorr Str+7}
   (You took it off a deep elf death mage on level 3 of the Elven Halls)

   [ring of resist corrosion]

   Str+7:     It affects your strength (+7).
   rPois:     It protects you from poison.
   rCorr:     It protects you from acid and corrosion.
   ^Drain:    It drains your maximum health when unequipped.
 r - the ring of the Chimera (left hand) {rN++ Will+ Str+6}
   (You acquired it on level 5 of the Pits of Slime)

   [ring of strength]

   Str+6:     It affects your strength (+6).
   rN++:      It greatly protects you from negative energy.
   Will+:     It increases your willpower.
 u - the amulet "Qakluxer" (around neck) {rElec rC- rN+ Regen+ Int+7}
   (You took it off a tengu reaver on level 5 of the Vaults)

   [amulet of regeneration]

   Int+7:     It affects your intelligence (+7).
   rC-:       It makes you vulnerable to cold.
   rElec:     It insulates you from electricity.
   rN+:       It protects you from negative energy.
   Regen+:    It increases your rate of health regeneration.
 w - the ring of Kuduxit (right hand) {rElec rC+ Will+ EV+5 Int+3}
   (You took it off a deep elf zephyrmancer on level 3 of the Elven Halls)

   [ring of evasion]

   EV+5:      It affects your evasion (+5).
   Int+3:     It affects your intelligence (+3).
   rC+:       It protects you from cold.
   rElec:     It insulates you from electricity.
   Will+:     It increases your willpower.
 N - the ring of the Tortoise {AC+8}
   (You bought it in a shop on level 14 of the Dungeon)

   [ring of protection]

   AC+8:      It affects your AC (+8).
 P - an amulet of regeneration
 S - the ring of Elipp {Wiz rElec rPois Int+2 Slay-2}
   (You took it off a vault warden on level 5 of the Vaults)

   [ring of wizardry]

   Wiz:       It improves your spell success rate.
   Int+2:     It affects your intelligence (+2).
   Slay-2:    It affects your accuracy & damage with ranged weapons and melee
   (-2).
   rElec:     It insulates you from electricity.
   rPois:     It protects you from poison.
Wands
 h - a wand of flame (94)
 p - a wand of roots (41)
 q - a wand of paralysis (51)
 t - a wand of acid (26)
 v - a wand of mindburst (61)
 A - a wand of polymorph (31)
Scrolls
 b - a scroll of enchant weapon
 e - 3 scrolls of blinking
 g - a scroll of brand weapon
 l - 14 scrolls of teleportation
 n - 2 scrolls of fear
 O - 2 scrolls of revelation
 W - a scroll of summoning
Potions
 d - 12 potions of haste
 f - 5 potions of resistance
 j - 7 potions of enlightenment
 z - 10 potions of brilliance
 E - a potion of ambrosia


   Skills:
 + Level 21.0 Fighting
 + Level 14.0 Armour
 + Level 15.8 Dodging
 - Level 9.3 Stealth
 + Level 17.9 Shields
 * Level 24.2 Spellcasting
 * Level 24.2 Conjurations
 * Level 24.2 Hexes
   Level 0.0 Charms
 * Level 24.2 Summonings
 * Level 24.2 Necromancy
 * Level 24.2 Translocations
   Level 0.0 Transmutations
 * Level 24.2 Fire Magic
 * Level 24.2 Ice Magic
 * Level 24.2 Air Magic
 O Level 27 Earth Magic
 * Level 24.2 Alchemy


You knew the following spells:

 Your Spells              Type           Power      Damage    Failure   Level
a - Magic Dart            Conj           100%       1d8       0%          1
b - Searing Ray           Conj           100%       2d8       0%          2
c - Fulminant Prism       Conj/Alch      46%        3d21      0%          4
d - Iskenderun's Mystic   Conj/Tloc      92%        2d18      0%          4
e - Shock                 Conj/Air       100%       1d9       0%          1
f - Static Discharge      Conj/Air       100%       3-8/arc   0%          2
g - Hailstorm             Conj/Ice       100%       3d16      0%          3
h - Mephitic Cloud        Conj/Alch/Air  92%        N/A       0%          3
i - Animate Armour        Summ/Erth      100%       N/A       0%          4
j - Irradiate             Conj/Alch      46%        3d27      0%          5
k - Conjure Ball Lightni  Conj/Air       46%        3x3d16    0%          6
l - Starburst             Conj/Fire      46%        6d13      0%          6
m - Death Channel         Necr           46%        N/A       0%          6
n - Ignition              Fire           46%        3d13      1%          8
o - Ozocubu's Refrigerat  Ice            57%        4d20      0%          7
p - Chain Lightning       Conj/Air       46%        3d61      4%          9
q - Fire Storm            Conj/Fire      46%        8d12      4%          9
Your spell library was empty.

Dungeon Overview and Level Annotations

Branches:
Dungeon (15/15)            Temple (1/1) D:5            Lair (5/5) D:9
 Shoals (4/4) Lair:3        Snake (4/4) Lair:3        Slime (5/5) Lair:4
    Orc (2/2) D:9             Elf (3/3) Orc:2        Vaults (5/5) D:13
 Depths (1/4) D:15          Sewer (visited)         Ossuary (visited)
 Bailey (visited)
  Crypt: Vaults:2-3

Altars:
Ashenzari
Cheibriados
Dithmenos
Elyvilon
Fedhas
Gozag
Hepliaklqana
Makhleb
Nemelex Xobeh
Okawaru
Qazlal
Ru
Trog
Uskayaw
Wu Jian
Xom
Yredelemnul
Zin
The Shining One
Beogh
Jiyva
Lugonu

Shops:
D:5 [   D:13 (   D:14 =   Orc:2 *(:[   Shoals:1 =(*?=   Shoals:3 *   Snake:1 [
Vaults:2 ((*   Vaults:3 *   Depths:1 *::=?

Portals:
Hell: Depths:1
Abyss: Lair:5

Annotations:
D:3 1 runed translucent door, MoonlitKnight's ghost, amateur MDMo
D:6 1 runed translucent door, Goblin1989's ghost, novice DsRe
D:12 Kirke
Temple 2 transporters
Lair:3 1 runed translucent door, nuthulu's ghost, journeyman MiFi
Snake:1 1 runed translucent door, Resewedgh's ghost, adept FoFi
Vaults:3 1 runed translucent door, Fubrub's ghost, veteran GnWr


Innate Abilities, Weirdness & Mutations

You are immune to sickness and miasma.
You are immune to poison.
Your flesh is very heat resistant. (rF++)
You are vulnerable to cold. (rC-)
You float through the air rather than walking.
You learn spells naturally, not from books.
Your magical power is your life essence.
You have superior vitality. (+4 MHP)
You are dopey. (Int -2)
Your health recovers twice as slowly from being drained.
[You have an uncontrollable temper.]
[Your spells are much easier to cast, but much less powerful.]
[You sometimes lose the ability to drink potions when taking damage.]
[You sometimes lose the ability to read scrolls when taking damage.]


Message History

The heat is drained from your surroundings.
The wretched star resists.
The wretched star is almost destroyed.
The phantasmal warrior resists.
The phantasmal warrior is almost destroyed.
The laughing skull is severely damaged.
The ancient zyme is lightly damaged.
* * * LOW HITPOINT WARNING * * *
You hear a bellow!
Unknown command.
Unknown command.
Unknown command.
Unknown command.
Unknown command.
Unknown command.
Unknown command.
Unknown command.
Unknown command.
Unknown command.
Unknown command.
Unknown command.
Unknown command.
Unknown command.
You cannot cast spells when silenced!
Unknown command.
Unknown command.
Unknown command.
Unknown command.
Unknown command.
Unknown command.
Unknown command.
You cannot cast spells when silenced!
An eidolon, a raiju, a chaos spawn, 2 large abominations and 2 laughing skulls come into view.
The substance of the Abyss twists violently, and a gateway leading out appears!
You block something's attack.
A laughing skull comes into view.
The eidolon hits you but does no damage.
You block the eidolon's attack.
A starcursed mass splits.
A deafening chorus of shrieks assaults your mind!
You die... z###. #.z.. ..X4 .XX

##zX
#XhX###
#XW#∩#
#§@W#
#§x.# #
###[# .
.** .
†#)# #
#> #.
.. #


You could see 6 starcursed masses, an eidolon, 2 wretched stars, an ancient zyme
(wandering, unable to see you), a large abomination (wandering, unable to see
you), a phantasmal warrior (unsilenced), a raiju (wandering), a chaos spawn
(wandering, unable to see you) and 3 laughing skulls.

Vanquished Creatures
  the Royal Jelly (Slime:5)
  2 dread liches (Vaults:5)
  An ancient lich (Vaults:5)
  Mennas (Vaults:3)
  Vashnia (Snake:3)
  A golden dragon (Vaults:5)
  2 bone dragons (Abyss:5)
  2 tentacled monstrosities
  A hellephant (Abyss:5)
  Zenata (Elf:1)
  Jorgrun (Orc:1)
  Rupert (D:14)
  4 titans (Vaults:5)
  2 quicksilver dragons (Vaults:5)
  2 liches
  3 deep elf blademasters
  28 acid blobs
  2 deep elf master archers (Elf:3)
  8 tentacled starspawn
  9 sphinxes
  5 Executioners
  2 krakens
  Polyphemus (Shoals:3)
  Frances (Shoals:1)
  2 storm dragons (Vaults:5)
  Aizul (Snake:4)
  4 tengu reavers
  A revenant (Abyss:2)
  Ilsuiw (Shoals:3)
  A draconian monk (Abyss:5)
  A shadow dragon (Vaults:5)
  7 nagarajas
  4 fire giants
  11 rockslimes
  16 azure jellies
  2 frost giants
  6 deep elf sorcerers
  An iron dragon (Vaults:5)
  16 vault wardens
  A deep elf elementalist (Elf:3)
  A caustic shrike zombie (Abyss:4)
  A balrug (Abyss:5)
  Louise (Snake:4)
  A cacodemon (Abyss:5)
  9 ironbound preservers
  A very ugly thing (Vaults:5)
  9 formless jellyfish
  An angel (Shoals:4)
  7 ironbound thunderhulks
  3 orc warlords
  12 quicksilver oozes
  6 stone giants
  6 deep elf demonologists
  10 dire elephants
  An ophan (Abyss:5)
  A white draconian (Abyss:5)
  8 deep elf annihilators
  3 war gargoyles
  2 apis (Shoals:4)
  7 deep elf death magi (Elf:3)
  The ghost of Shym the Cleaver, a journeyman TeSu of Cheibriados (Lair:5)
  A lorocyproca (Abyss:4)
  A minotaur (Lair:5)
  A green death (Abyss:5)
  8 merfolk impalers
  12 merfolk javelineers
  A crystal guardian (Vaults:4)
  3 fire dragons (Depths:1)
  8 ettins
  10 yaktaur captains
  3 deep elf high priests
  3 peacekeepers
  36 vault guards
  A salamander tyrant (Snake:4)
  12 great orbs of eyes
  A rakshasa (Abyss:4)
  A catoblepas (Shoals:3)
  An ice dragon (Depths:1)
  2 entropy weavers
  2 ogre magi
  An alligator snapping turtle (Shoals:4)
  14 centaur warriors
  6 hydras
  3 merfolk aquamancers
  6 ironbound frosthearts
  8 two-headed ogres
  4 merfolk avatars
  10 anacondas
  30 dancing weapons
  10 death yaks
  3 tengu warriors
  5 boulder beetles
  3 satyrs
  5 deep troll earth magi (Vaults:5)
  16 thrashing horrors
  23 naga sharpshooters
  An orc high priest (Orc:2)
  21 naga warriors
  A vampire mage (Lair:1)
  5 sun demons
  A shock serpent (shapeshifter) (Elf:2)
  8 shock serpents
  Sonja (D:13)
  6 hell knights (Vaults:5)
  2 occultists (Depths:1)
  19 deep elf knights
  7 wretched stars
  A salamander mystic (Snake:4)
  A sixfirhy (Abyss:5)
  2 fire crabs (Lair:4)
  A spatial maelstrom (Abyss:3)
  4 cherubim (Shoals:4)
  3 iron trolls (Vaults:5)
  8 skysharks
  12 mana vipers
  A mana viper (shapeshifter) (Vaults:5)
  25 deep trolls
  10 naga ritualists
  7 arcanists
  A phantasmal warrior (Vaults:5)
  A glowing orange brain (Abyss:5)
  23 harpies
  9 deep elf archers
  31 deep elf pyromancers
  15 sea snakes
  22 ironbound convokers
  13 orc knights
  A necromancer (Vaults:5)
  14 lindwurms
  10 large abominations
  26 starcursed masses
  3 orc sorcerers
  An obsidian bat (Orc:2)
  24 deep elf zephyrmancers
  2 fauns (shapeshifter)
  A shining eye (shapeshifter) (Vaults:5)
  9 shining eyes
  36 ugly things
  14 cyclopes
  12 fauns
  14 salamanders
  A worldbinder (Abyss:2)
  2 rust devils
  13 manticores
  48 black mambas
  A kobold blastminer (Orc:1)
  2 apocalypse crabs
  A meliai (D:13)
  7 merfolk sirens
  6 elephants (Lair:4)
  21 naga magi
  An iron dragon skeleton (Abyss:2)
  3 orange demons
  9 smoke demons
  A black mamba (shapeshifter) (D:13)
  A water nymph (shapeshifter) (Vaults:5)
  3 eyes of devastation
  16 cane toads
  3 water nymphs
  7 guardian serpents
  22 vault sentinels
  11 komodo dragons
  2 rime drakes (shapeshifter)
  A rime drake (Lair:3)
  4 efreet
  A kobold demonologist (Bailey)
  3 freezing wraiths
  25 yaktaurs
  4 tengu conjurers
  3 unseen horrors
  8 ancient zymes
  A yaktaur (shapeshifter) (Vaults:1)
  12 merfolk
  3 polar bears
  4 trolls
  2 hellwings (Abyss:4)
  Grinder (D:4)
  6 wind drakes
  Prince Ribbit (D:9)
  11 snapping turtles
  30 raiju
  22 blink frogs
  2 glass eyes
  9 dream sheep
  4 air elementals
  A shadow (D:10)
  10 water elementals
  6 wyverns
  3 spriggans
  A vampire (D:12)
  142 slime creatures
  A hog (shapeshifter) (Abyss:4)
  Eustachio (D:6)
  A yak (shapeshifter) (D:13)
  49 yaks
  7 ynoxinuls
  2 fire elementals (Elf:3)
  2 humans
  5 wargs
  Grum (D:10)
  8 basilisks
  A hog (D:12)
  15 golden eyes
  4 wraiths
  A steam dragon (D:9)
  A warg (shapeshifter) (Elf:2)
  9 vampire mosquitoes
  5 neqoxecs
  3 chaos spawn
  33 nagas
  A spatial vortex (Abyss:4)
  14 water moccasins
  3 acid dragons
  33 orc warriors
  4 ice beasts
  A meliai simulacrum (D:14)
  A boggart (D:12)
  21 laughing skulls
  3 sky beasts
  4 black bears
  15 wolves
  11 ogres
  11 centaurs
  2 phantoms
  2 kobold brigands
  A brain worm (Abyss:2)
  2 weeping skulls (Abyss:2)
  20 bullfrogs
  A gnoll sergeant (D:8)
  An earth elemental (Elf:3)
  5 scorpions
  16 small abominations
  A burial acolyte (Ossuary)
  20 wights
  3 howler monkeys (D:13)
  9 electric eels
  2 bombardier beetles
  27 orc priests
  6 jellies
  A hound (D:4)
  A gnoll bouda (D:6)
  2 iron imps
  A sleepcap (D:5)
  5 hell rats (Lair:3)
  2 iguanas
  26 orc wizards
  A mummy (Ossuary)
  13 gnolls
  6 river rats (Sewer)
  8 adders
  3 shadow imps
  A ribbon worm (D:2)
  2 dart slugs
  79 orcs
  8 ball pythons
  13 endoplasms
  7 giant cockroaches
  27 goblins
  10 hobgoblins
  3 jackals (D:5)
  18 kobolds
  8 quokkas
  6 bats
  8 frilled lizards
  10 gnoll skeletons (Ossuary)
  A jackal zombie (D:10)
  5 kobold skeletons (Ossuary)
  5 orc skeletons (Ossuary)
  16 rats
  A fulminant prism (Lair:5)
  3 starspawn tentacles
  10 tentacles
2131 creatures vanquished.

Vanquished Creatures (others)
  A naga ritualist (Snake:1)
  2 small abominations (Abyss:5)
  A ynoxinul (Abyss:5)
  3 ball lightnings (Vaults:5)
  64 fulminant prisms
  3 lurking horrors
  5 starspawn tentacles
  6 tentacles
85 creatures vanquished.

Grand Total: 2216 creatures vanquished

Notes
Turn   | Place    | Note
-------+----------+-------------------------------------------
     0 | D:1      | shadizar the Djinni Conjurer began the quest for the Orb.
     0 | D:1      | shadizar set off with the following spells memorised: Magic
                  | Dart, Searing Ray, Fulminant Prism, Iskenderun's Mystic
                  | Blast.
     0 | D:1      | Reached XP level 1. HP: 15/15 MP: 0/0
   125 | D:1      | Reached XP level 2. HP: 17/21 MP: 0/0
   186 | D:1      | Reached skill level 4 in Earth Magic
   392 | D:1      | Reached XP level 3. HP: 22/25 MP: 0/0
   392 | D:1      | Learned a level 1 spell: Shock
  1324 | D:2      | Reached XP level 4. HP: 27/31 MP: 0/0
  1908 | D:3      | Found a snail-covered altar of Cheibriados.
  2202 | D:3      | Reached skill level 5 in Spellcasting
  2202 | D:3      | Reached skill level 5 in Conjurations
  2202 | D:3      | Reached skill level 5 in Hexes
  2202 | D:3      | Reached skill level 5 in Summonings
  2202 | D:3      | Reached skill level 5 in Necromancy
  2202 | D:3      | Reached skill level 5 in Translocations
  2202 | D:3      | Reached skill level 5 in Fire Magic
  2202 | D:3      | Reached skill level 5 in Ice Magic
  2202 | D:3      | Reached skill level 5 in Air Magic
  2202 | D:3      | Reached skill level 5 in Earth Magic
  2202 | D:3      | Reached skill level 5 in Alchemy
  2202 | D:3      | Reached XP level 5. HP: 34/35 MP: 0/0
  2202 | D:3      | Learned a level 2 spell: Static Discharge
  2515 | D:3      | Found a runed translucent door.
  2516 | D:3      | Noticed MoonlitKnight's ghost (amateur MDMo)
  2646 | D:4      | Found a shimmering altar of Xom.
  2824 | D:4      | Noticed Grinder
  2837 | D:4      | Killed Grinder
  2838 | D:4      | Reached skill level 6 in Earth Magic
  2838 | D:4      | Reached XP level 6. HP: 10/40 MP: 0/0
  2878 | D:4      | Reached XP level 7. HP: 23/45 MP: 0/0
  2878 | D:4      | Learned a level 3 spell: Hailstorm
  2992 | D:4      | Found a shadowy altar of Dithmenos.
  3547 | D:5      | Entered Level 5 of the Dungeon
  3547 | D:5      | Found a staircase to the Ecumenical Temple.
  3553 | Temple   | Found a transporter.
  3553 | Temple   | Found a transporter.
  3553 | Temple   | Found a transporter.
  3553 | Temple   | Found a transporter.
  3553 | Temple   | Entered the Ecumenical Temple
  3575 | Temple   | Became a worshipper of Makhleb the Destroyer
  3757 | D:5      | Found a glowing drain.
  3772 | Sewer    | Entered a sewer
  3877 | Sewer    | Reached skill level 1 in Fighting
  4012 | Sewer    | Reached * piety under Makhleb
  4253 | Sewer    | Reached XP level 8. HP: 47/52 MP: 0/0
  4725 | D:5      | Reached ** piety under Makhleb
  4726 | D:5      | Reached skill level 7 in Earth Magic
  4738 | D:5      | Found Quimil's Antique Armour Boutique.
  4787 | D:5      | Noticed a yak
  4789 | D:5      | Killed a yak
  5148 | D:5      | Reached XP level 9. HP: 56/60 MP: 0/0
  5148 | D:5      | Learned a level 3 spell: Mephitic Cloud
  5593 | D:5      | Found a sacrificial altar of Ru.
  5789 | D:5      | Reached skill level 9 in Earth Magic
  5789 | D:5      | Reached XP level 10. HP: 40/73 MP: 0/0
  5996 | D:6      | Found a sand-covered staircase.
  6060 | D:6      | Noticed Eustachio
  6066 | D:6      | Killed Eustachio
  6169 | D:6      | Reached skill level 10 in Spellcasting
  6169 | D:6      | Reached skill level 10 in Conjurations
  6169 | D:6      | Reached skill level 10 in Hexes
  6169 | D:6      | Reached skill level 10 in Summonings
  6169 | D:6      | Reached skill level 10 in Necromancy
  6169 | D:6      | Reached skill level 10 in Translocations
  6169 | D:6      | Reached skill level 10 in Fire Magic
  6169 | D:6      | Reached skill level 10 in Ice Magic
  6169 | D:6      | Reached skill level 10 in Air Magic
  6169 | D:6      | Reached skill level 10 in Earth Magic
  6169 | D:6      | Reached skill level 10 in Alchemy
  6241 | Ossuary  | Entered an ossuary
  6426 | Ossuary  | Reached *** piety under Makhleb
  6751 | D:6      | Found a runed translucent door.
  6753 | D:6      | Noticed Goblin1989's ghost (novice DsRe)
  6772 | D:6      | Reached skill level 1 in Armour
  8719 | D:5      | Bought a buckler for 108 gold pieces
  8719 | D:5      | Bought a pair of embroidered gloves for 180 gold pieces
  9130 | D:8      | Reached XP level 11. HP: 79/79 MP: 0/0
  9130 | D:8      | Learned a level 4 spell: Animate Armour
  9178 | D:8      | Reached skill level 1 in Shields
  9360 | D:8      | Reached **** piety under Makhleb
  9630 | D:8      | Found a glowing golden altar of the Shining One.
  9940 | D:9      | Noticed a two-headed ogre
  9946 | D:9      | Killed a two-headed ogre
 10106 | D:9      | Found a staircase to the Orcish Mines.
 10253 | D:9      | Found a staircase to the Lair.
 10754 | D:9      | Noticed Prince Ribbit
 10760 | D:9      | Killed Prince Ribbit
 11384 | Lair:1   | Entered Level 1 of the Lair of Beasts
 11545 | Lair:1   | Reached skill level 5 in Shields
 11662 | Lair:1   | Found a runed translucent door.
 11668 | Lair:1   | Noticed a vampire mage
 11777 | Lair:1   | Identified the +6 dagger of Qazlal's Pride {pain, ^Contam
                  | rC+ Str+3}
 11882 | Lair:1   | Reached XP level 12. HP: 69/85 MP: 0/0
 12036 | Lair:1   | Reached ***** piety under Makhleb
 13082 | Lair:2   | Noticed a skyshark
 13088 | Lair:2   | Killed a skyshark
 13192 | Lair:2   | Reached skill level 11 in Earth Magic
 13876 | Lair:2   | Identified the +7 short sword "Zoniu" {spect, Dex+5}
 14380 | Lair:3   | Reached skill level 12 in Earth Magic
 14480 | Lair:3   | Found a staircase to the Snake Pit.
 14563 | Lair:3   | Found a runed translucent door.
 14566 | Lair:3   | Noticed nuthulu's ghost (journeyman MiFi)
 14594 | Lair:3   | Identified the +11 trident of the Festooned God {elec,
                  | Str+5 Int+5 Dex-5}
 14594 | Lair:3   | Noticed a spriggan rider
 14772 | Lair:3   | Reached XP level 13. HP: 92/92 MP: 0/0
 14772 | Lair:3   | Learned a level 5 spell: Irradiate
 14796 | Lair:3   | Found a staircase to the Shoals.
 15770 | Lair:3   | You are sucked into a shaft and drop 1 floor!
 15770 | Lair:4   | Noticed a seven-headed hydra
 15775 | Lair:4   | Killed a seven-headed hydra
 15777 | Lair:4   | Noticed a four-headed hydra
 15785 | Lair:4   | Killed a four-headed hydra
 15828 | Lair:4   | Reached skill level 13 in Earth Magic
 16431 | Lair:4   | Found a staircase to the Slime Pits.
 16444 | Lair:4   | Found a viscous altar of Jiyva.
 16515 | Lair:4   | Reached skill level 5 in Armour
 16798 | Lair:4   | Noticed an anaconda
 16803 | Lair:4   | Killed an anaconda
 16806 | Lair:4   | Reached XP level 14. HP: 76/101 MP: 0/0
 16948 | Lair:4   | Noticed a dire elephant
 16965 | Lair:4   | Killed a dire elephant
 17111 | Lair:5   | Entered Level 5 of the Lair of Beasts
 17160 | Lair:5   | Reached ****** piety under Makhleb
 17827 | Lair:5   | Reached skill level 10 in Fighting
 18278 | Lair:5   | Reached skill level 14 in Earth Magic
 18668 | Lair:5   | Found a corrupted altar of Lugonu.
 18668 | Lair:5   | Found a one-way gate to the infinite horrors of the Abyss.
 18683 | Lair:5   | Identified the +0 short sword "Beastbane" {distort, rElec
                  | MP+9 Dex+3}
 18930 | Lair:5   | Found a runed translucent gate.
 18930 | Lair:5   | Found a runed translucent gate.
 18930 | Lair:5   | Found a runed translucent gate.
 18931 | Lair:5   | Noticed a dire elephant
 18939 | Lair:5   | Noticed Shym's ghost (journeyman TeSu)
 19002 | Lair:5   | Noticed a minotaur
 19447 | Lair:5   | Killed a dire elephant
 19453 | Lair:5   | Killed Shym's ghost
 19459 | Lair:5   | Killed a minotaur
 19712 | Orc:1    | Entered Level 1 of the Orcish Mines
 19712 | Orc:1    | Noticed Jorgrun
 19712 | Orc:1    | Found a roughly hewn altar of Beogh.
 19721 | Orc:1    | Killed Jorgrun
 19722 | Orc:1    | Reached XP level 15. HP: 89/109 MP: 0/0
 19722 | Orc:1    | Learned a level 6 spell: Conjure Ball Lightning
 19838 | Orc:1    | Found a roughly hewn altar of Beogh.
 19936 | Orc:2    | Entered Level 2 of the Orcish Mines
 19936 | Orc:2    | Found a roughly hewn altar of Beogh.
 20460 | Orc:2    | Found a staircase to the Elven Halls.
 20728 | Orc:2    | Noticed an orc warlord
 20753 | Orc:2    | Killed an orc warlord
 20816 | Orc:2    | Found a roughly hewn altar of Beogh.
 20877 | Orc:2    | Found Gube's Antique Weapon Shoppe.
 21058 | Orc:2    | Found Ughim's Antique Armour Shoppe.
 21277 | Orc:2    | Found Petwyloe's Book Shoppe.
 21292 | Orc:2    | Found Uress's General Store.
 22020 | D:10     | Entered Level 10 of the Dungeon
 22075 | D:10     | Found a runed translucent door.
 22080 | D:10     | Found a basalt altar of Yredelemnul.
 22131 | D:10     | Reached skill level 10 in Dodging
 22143 | D:10     | Found a flagged portal.
 22206 | Bailey   | Entered a bailey
 23028 | Bailey   | Found an iron altar of Okawaru.
 23040 | Bailey   | Identified the +0 scale mail "Syttab" {rC- Will++}
 23309 | D:10     | Identified the +1 pair of gloves "Runeg" {rN+ Str+4}
 23333 | D:10     | Noticed Grum
 23339 | D:10     | Killed Grum
 23643 | D:10     | Reached skill level 15 in Spellcasting
 23643 | D:10     | Reached skill level 15 in Conjurations
 23643 | D:10     | Reached skill level 15 in Hexes
 23643 | D:10     | Reached skill level 15 in Summonings
 23643 | D:10     | Reached skill level 15 in Necromancy
 23643 | D:10     | Reached skill level 15 in Translocations
 23643 | D:10     | Reached skill level 15 in Fire Magic
 23643 | D:10     | Reached skill level 15 in Ice Magic
 23643 | D:10     | Reached skill level 15 in Air Magic
 23643 | D:10     | Reached skill level 15 in Earth Magic
 23643 | D:10     | Reached skill level 15 in Alchemy
 23643 | D:10     | Reached XP level 16. HP: 118/118 MP: 0/0
 23652 | D:10     | Acquired a manual of Shields
 23820 | D:11     | Found a broken altar of Ashenzari.
 23837 | D:11     | Identified the +0 ring mail "Nealeqotu" {^Drain rN+ Dex+3}
 24691 | D:12     | Noticed Kirke
 24880 | D:12     | Reached skill level 10 in Shields
 24895 | D:12     | Noticed a fire giant
 24968 | D:12     | Killed a fire giant
 24986 | D:12     | Identified the +3 leather armour of the Lost Leaping Bones
                  | {Regen+ Int+2 Dex+3 Stlth-}
 25332 | D:12     | Acquired the scarf of the Great Game {shadows, rPois}
 25387 | D:13     | Noticed Sonja
 25393 | D:13     | Killed Sonja
 25505 | D:13     | Reached XP level 17. HP: 125/125 MP: 0/0
 25505 | D:13     | Learned a level 6 spell: Starburst
 25580 | D:13     | Found Tosesec's Antique Weapon Shoppe.
 25748 | D:13     | Found a gate to the Vaults.
 26711 | D:14     | Noticed Rupert
 26711 | D:14     | Paralysed by Rupert for 5 turns
 26724 | D:14     | Paralysed by Rupert for 2 turns
 26730 | D:14     | Killed Rupert
 26848 | D:14     | Identified the +2 robe of the Exiled Violins {^Contam
                  | Rampage rCorr SInv}
 26947 | D:14     | You are sucked into a shaft and drop 1 floor!
 26947 | D:15     | Entered Level 15 of the Dungeon
 26997 | Abyss:2  | Cast into level 2 of the Abyss (a deep elf demonologist)
 26999 | Abyss:2  | Found a corrupted altar of Lugonu.
 27049 | Abyss:2  | Noticed a tentacled starspawn
 27066 | Abyss:2  | Found a corrupted altar of Lugonu.
 27106 | Abyss:2  | Reached skill level 16 in Earth Magic
 27188 | Abyss:2  | Noticed an Executioner
 27192 | Abyss:2  | Killed an Executioner
 27283 | Abyss:2  | Found a corrupted altar of Lugonu.
 27301 | Abyss:2  | Noticed a tentacled starspawn
 27319 | Abyss:2  | Killed a tentacled starspawn
 27505 | Abyss:2  | Noticed an Executioner
 27509 | Abyss:2  | Paralysed by an apocalypse crab for 1 turns
 27514 | Abyss:2  | Killed an Executioner
 27622 | D:15     | Escaped the Abyss
 27667 | D:15     | Reached XP level 18. HP: 132/132 MP: 0/0
 27669 | D:15     | Found a portal to a secret trove of treasure.
 27671 | D:15     | Found a staircase to the Depths.
 28658 | D:14     | Found Itsegedd's Jewellery Shoppe.
 28667 | D:14     | Bought the ring of the Tortoise {AC+8} for 1280 gold pieces
 28667 | D:14     | Found the ring of the Tortoise {AC+8}
 28996 | Snake:1  | Entered Level 1 of the Snake Pit
 29322 | Snake:1  | Reached skill level 15 in Shields
 29376 | Snake:1  | Identified the +0 ring mail "Fefafo" {-Cast -Tele rPois
                  | rF+++}
 29406 | Snake:1  | Found Oplerphe's Antique Armour Emporium.
 29623 | Snake:1  | Found a runed translucent door.
 29626 | Snake:1  | Found a shimmering altar of Xom.
 29626 | Snake:1  | Identified the +5 war axe of Equilibrium {chaos, Str+2}
 29626 | Snake:1  | Noticed Resewedgh's ghost (adept FoFi)
 29700 | Snake:1  | Reached skill level 17 in Earth Magic
 30819 | Snake:2  | Reached XP level 19. HP: 136/141 MP: 0/0
 30819 | Snake:2  | Learned a level 6 spell: Death Channel
 30837 | Snake:2  | Identified the +0 robe of the True Pharaoh {+Inv Will++
                  | Regen+ Str-4}
 31245 | Snake:3  | Noticed Vashnia
 31294 | Snake:3  | Killed Vashnia
 31352 | Snake:3  | Identified the +6 war axe of Compassion {venom, *Noise
                  | Will+ rCorr}
 31435 | Snake:3  | Identified the orb of Vufeov {guile, Regen+}
 31814 | Snake:4  | Entered Level 4 of the Snake Pit
 31861 | Snake:4  | Identified the +2 dagger of the Purse {vamp, Dex+2}
 31873 | Snake:4  | Identified the serpent talisman "Hivigoga" {rCorr Str+3}
 31873 | Snake:4  | Noticed Aizul
 31909 | Snake:4  | Reached skill level 18 in Earth Magic
 31914 | Snake:4  | Reached skill level 15 in Fighting
 31916 | Snake:4  | Killed Aizul
 32766 | Snake:4  | Noticed Louise
 32778 | Snake:4  | Killed Louise
 32812 | Snake:4  | Got a serpentine rune of Zot
 33421 | Vaults:1 | Entered Level 1 of the Vaults
 33461 | Vaults:1 | Reached XP level 20. HP: 149/150 MP: 0/0
 34770 | Elf:1    | Entered Level 1 of the Elven Halls
 35160 | Elf:1    | Noticed Zenata
 35173 | Elf:1    | Killed Zenata
 35708 | Elf:2    | Reached skill level 19 in Earth Magic
 35827 | Elf:2    | Found a runed translucent gate.
 35827 | Elf:2    | Found a runed translucent gate.
 35828 | Elf:2    | Found a runed translucent gate.
 35927 | Elf:2    | Reached XP level 21. HP: 123/157 MP: 0/0
 35927 | Elf:2    | Learned a level 8 spell: Ignition
 36320 | Elf:3    | Entered Level 3 of the Elven Halls
 36619 | Elf:3    | Paralysed by an air elemental for 1 turns
 36826 | Elf:3    | Paralysed by an air elemental for 1 turns
 36833 | Elf:3    | Reached skill level 10 in Armour
 37003 | Elf:3    | Identified the ring "Horal" {^Drain rPois rCorr Str+7}
 37009 | Elf:3    | Identified the +8 great sword of Havoc {speed, Int+5}
 37009 | Elf:3    | Identified the ring of Kuduxit {rElec rC+ Will+ EV+5 Int+3}
 37025 | Elf:3    | Identified the staff of Judgement {rPois Int+3 Alchemy}
 37099 | Elf:3    | Identified the +4 demon blade "Bitaesmahey" {flame, rN+++
                  | Will- Int-2 Dex+5}
 37106 | Elf:3    | Identified the +3 sling of Insufficient Pleasure {drain,
                  | rPois}
 38152 | Shoals:1 | Entered Level 1 of the Shoals
 38152 | Shoals:1 | Found Makhligg's Jewellery Boutique.
 38217 | Shoals:1 | Found Osazae's Magic Scroll Shoppe.
 38226 | Shoals:1 | Bought a scroll of acquirement for 884 gold pieces
 38229 | Shoals:1 | Acquired 759 gold pieces
 38234 | Shoals:1 | Found Din Boy's Assorted Antiques.
 38265 | Shoals:1 | Found a runed translucent door.
 38578 | D:15     | You paid a toll of a +7 demon trident to enter a treasure
                  | trove
 38579 | Trove    | Entered a treasure trove
 38978 | Shoals:1 | Found Dograus's Antique Weapon Boutique.
 39087 | Shoals:1 | Noticed Frances
 39094 | Shoals:1 | Killed Frances
 39180 | Shoals:1 | Found Gotirimu's Jewellery Boutique.
 39754 | Shoals:1 | Reached XP level 22. HP: 166/166 MP: 0/0
 39799 | Shoals:1 | Identified the +0 rapier of the Pyrrhic Victory {protect,
                  | rPois rF+ Will+}
 39888 | Shoals:2 | Reached skill level 20 in Earth Magic
 40044 | Shoals:2 | Identified the +5 quarterstaff of Sasmarie {chaos, rF+ rN+
                  | Will+}
 40672 | Shoals:3 | Noticed Ilsuiw
 40706 | Shoals:3 | Killed Ilsuiw
 40710 | Shoals:3 | Noticed Polyphemus
 40717 | Shoals:3 | Killed Polyphemus
 40806 | Shoals:3 | Found Moec's Overcharged Wands.
 41399 | Shoals:4 | Entered Level 4 of the Shoals
 41526 | Shoals:4 | Found a glowing silver altar of Zin.
 41803 | Shoals:4 | Found a glowing golden altar of the Shining One.
 42142 | Shoals:4 | Found a white marble altar of Elyvilon.
 42220 | Shoals:4 | Got a barnacled rune of Zot
 42461 | Slime:1  | Entered Level 1 of the Pits of Slime
 42468 | Slime:1  | Reached skill level 21 in Earth Magic
 42955 | Slime:2  | Gained mutation: You are dopey. (Int -2) [a shining eye]
 42958 | Slime:2  | Reached XP level 23. HP: 162/173 MP: 0/0
 42958 | Slime:2  | Learned a level 7 spell: Ozocubu's Refrigeration
 43269 | Slime:3  | Gained mutation: Your health recovers twice as slowly from
                  | being drained. [a shining eye]
 44564 | Slime:4  | Reached skill level 22 in Earth Magic
 44622 | Slime:5  | Entered Level 5 of the Pits of Slime
 44660 | Slime:5  | Found the +5 moon troll leather armour {Spirit, Regen++
                  | MP+5}
 44678 | Slime:5  | Noticed the Royal Jelly
 44685 | Slime:5  | Killed the Royal Jelly
 44774 | Slime:5  | Identified the +7 plate armour "Dassoam" {rC+ MP+9 SInv}
 44783 | Slime:5  | Identified the +0 pair of gloves of the Saviour {-Cast
                  | rPois Int-3 Dex+8}
 44828 | Slime:5  | Reached skill level 15 in Dodging
 44912 | Slime:5  | Gained mutation: [Your spells are a little easier to cast,
                  | but a little less powerful.] [a shining eye]
 44922 | Slime:5  | Reached XP level 24. HP: 160/181 MP: 0/0
 45091 | Slime:5  | Got a slimy rune of Zot
 45221 | Slime:5  | Identified the +7 sling of Mourning {drain, rN++ Int+4
                  | Stlth-}
 45265 | Slime:5  | Acquired the scarf "Bulev" {+Inv, rF+ Dex+3}
 45271 | Slime:5  | Acquired the ring of the Chimera {rN++ Will+ Str+6}
 46275 | Vaults:2 | Found Ruriafev's Antique Weapon Emporium.
 46282 | Vaults:2 | Found Paimas's Weapon Shoppe.
 46377 | Vaults:2 | Found Kaojem's General Store.
 46522 | Vaults:2 | You are sucked into a shaft and drop 1 floor!
 46595 | Vaults:3 | Noticed Mennas
 46601 | Vaults:3 | Killed Mennas
 46703 | Vaults:3 | Reached skill level 23 in Earth Magic
 47381 | Vaults:3 | Found Taciosh's General Store.
 47650 | Vaults:3 | Found a runed translucent door.
 47650 | Vaults:3 | Noticed Fubrub's ghost (veteran GnWr)
 48063 | Vaults:4 | Reached skill level 24 in Earth Magic
 48246 | Vaults:4 | Reached XP level 25. HP: 172/190 MP: 0/0
 48246 | Vaults:4 | Learned a level 9 spell: Chain Lightning
 49177 | Vaults:5 | Entered Level 5 of the Vaults
 49179 | Vaults:5 | Reached skill level 25 in Earth Magic
 49260 | Vaults:5 | Identified the +8 rapier of Fimmu {flame, Int+2}
 49268 | Vaults:5 | Noticed a dread lich
 49284 | Vaults:5 | Killed a dread lich
 49374 | Vaults:5 | Identified the amulet "Qakluxer" {rElec rC- rN+ Regen+
                  | Int+7}
 49525 | Vaults:5 | Identified the +4 battleaxe of Vixt {flame, rN+ Int+3}
 49571 | Vaults:5 | Identified the +0 dagger of the Beginning {protect, +Blink
                  | rN+ SInv}
 49651 | Vaults:5 | Identified the ring of Elipp {Wiz rElec rPois Int+2 Slay-2}
 49656 | Vaults:5 | Reached skill level 26 in Earth Magic
 49856 | Vaults:5 | Got a silver rune of Zot
 49906 | Vaults:5 | Reached XP level 26. HP: 193/200 MP: 0/0
 49912 | Vaults:5 | Noticed a dread lich
 49915 | Vaults:5 | Noticed an ancient lich
 49924 | Vaults:5 | Killed an ancient lich
 50206 | Vaults:5 | Identified the ring "Firghant" {rPois rF+ Will+ Dex-4}
 50582 | Vaults:5 | Killed a dread lich
 51152 | Depths:1 | Entered Level 1 of the Depths
 51209 | Depths:1 | Found a gateway to Hell.
 51262 | Depths:1 | Reached skill level 27 in Earth Magic
 51326 | Depths:1 | Found Vaifua's Magic Scroll Shoppe.
 51425 | Depths:1 | Found Uggol's Jewellery Shoppe.
 51426 | Depths:1 | Found Qoqalenk's Book Boutique.
 51426 | Depths:1 | Found Isofor's Book Boutique.
 51725 | Depths:1 | Found Naqac's Serpentskin Sales.
 51786 | Depths:1 | Identified the +6 spear of the Land of Plenty {freeze,
                  | Int+5}
 52234 | Lair:5   | Voluntarily entered the Abyss.
 52347 | Abyss:4  | Found a corrupted altar of Lugonu.
 52977 | Abyss:5  | Reached XP level 27. HP: 52/208 MP: 0/0
 52977 | Abyss:5  | Learned a level 9 spell: Fire Storm
 53095 | Abyss:5  | Paralysed by accursed screaming for 2 turns
 53102 | Abyss:5  | Paralysed by accursed screaming for 2 turns
 53113 | Abyss:5  | Killed from afar by a starcursed mass

Illustrated notes

Levels and vault maps discovered:
D:1:      enne_arrival_octagon_isle, layout_basic
D:2:      minmay_alternating_diamond, layout_basic
D:3:      layout_loops_ring, cheibriados_altar_1, gammafunk_ghost_grave,
          minmay_misc_feat_ornament, minmay_misc_feat_rows
D:4:      layout_cave_pods, xom_redecorated, grunt_dithmenos_smoke_and_mirrors,
          nicolae_kite_square_tiling_tiny, uniq_grinder
D:5:      minmay_general_purpose_star, layout_loops_corners,
          nicolae_ru_great_annihilating_truth, minmay_temple_entry_mist,
          serial_shops, nicolae_shop_dealshenge, gup_sewer_entry_pipe
D:6:      layout_loops_ring, marbit_many_paths,
          nicolae_ossuary_entry_false_entrances, ebering_ghost_sewer_d,
          uniq_eustachio
D:7:      layout_loops_ring
D:8:      layout_gridville, tso_oasis_becter, minmay_fractal_squares_diagonal_5
D:9:      layout_basic, due_lair_maze_entry_diamond, david_orc_2,
          uniq_prince_ribbit1
D:10:     layout_big_octagon, dk_yredelemnul_ordeal, enter_bailey_5,
          nicolae_nh_ransacked_shop, uniq_grum
D:11:     layout_long_grid, nicolae_ashenzari_panopticon
D:12:     layout_rooms, minmay_evil_grid, uniq_kirke
D:13:     minmay_bubble_buster, layout_basic, lightli_vaults_fourway_checkpoint,
          nicolae_stop_n_shop_2, grunt_decor_arrowhead, reono_crystal_passage,
          uniq_sonja
D:14:     layout_roguey, serial_shops, nicolae_shop_gaudy_bauble,
          minmay_misc_feat_tower, uniq_rupert
D:15:     grunt_enter_depths_giant_problem, layout_layer_cave,
          nicolae_trove_entry_crossroad, vehumet_crystals
Temple:   hellmonk_temple_divided_pantheon
Lair:1:   layout_small_grid, pdpol_lair_cabin_in_the_woods
Lair:2:   layout_cave_pods, fungi_pond_lemuel, chequers_serial_rivers_large_b,
          st_stairs_7, lemuel_fruit_fields, lemuel_fruit_tree,
          infiniplex_staircase_pool_2
Lair:3:   wad_woods_tower, layout_cave_pods, nicolae_shoals_entry_roost,
          dummy_snake_entry, ebering_ghost_funeral_grove
Lair:4:   layout_hall_layers, nicolae_slime_entry_slimehenge,
          nicolae_lair_lakeside_cave
Lair:5:   hellmonk_lair_end_abyssal_woods, layout_layer_cave,
          maelrawn_ghost_gauntlet_escape
Shoals:1: layout_shoals, serial_shops, shop, shop,
          nicolae_shop_advertising_works [nicolae_subvault_shop_adworks],
          nicolae_shop_getting_attention, nicolae_shop_real_fake_doors,
          lightli_airlock, uniq_frances
Shoals:2: layout_shoals
Shoals:3: layout_shoals, nicolae_shop_overcharged_wands, uniq_ilsuiw,
          uniq_polyphemus
Shoals:4: shoals_end_hellmonk_holy_island
Snake:1:  nicolae_snake_unarmed_stairs_patrol, layout_cave_pods,
          ebering_ghost_xom, minmay_shop_star, grunt_megastairs_5,
          serial_bayou_shore_b
Snake:2:  layout_chambers
Snake:3:  layout_cave_town, uniq_vashnia
Snake:4:  snake_pit, layout_chambers, uniq_louise, uniq_aizul
Slime:1:  layout_caves
Slime:2:  layout_caves
Slime:3:  layout_caves, cheibrodos_slime_lost_civilization_7
Slime:4:  layout_caves, special_room [special_room_jelly]
Slime:5:  slime_pit_nicolae_inversion
Orc:1:    layout_caves, basic_altar, david_defended_altar_orc, uniq_jorgrun
Orc:2:    grunt_orc_cross, layout_diamond_mine, basic_altar
Elf:1:    nicolae_elf_arrival_fired_up, layout_geoelf_grid,
          nicolae_elf_crossing_hall, minivault_4, uniq_zenata
Elf:2:    elven_hall_of_blades_hangedman_original
          [nicolae_blade_entry_crossed_weapons], layout_geoelf_octagon
Elf:3:    elf_hall, layout_loops_corners
Vaults:1: nicolae_vaults_storage_closets_1, v_misc_14, v_misc_14,
          ontoclasm_vaults_misaligned, nicolae_vaults_double_plus_1, v_misc_11,
          grunt_vaults_bifocal, v_alt_pattern_3,
          ontoclasm_vaults_decontamination, nicolae_vaults_what_the_h,
          nicolae_vaults_cochlea, layout_vaults_big_room
Vaults:2: vaults_dpeg_cross, nicolae_vaults_back_hallway,
          vaults_standard_mumra_x, nicolae_vaults_yaktaur_gun_rack,
          minmay_crypt_entry_vampire_xt, vaults_dpeg_hooks,
          grunt_vaults_hallway_long, vaults_room_boxed, layout_vaults_quadrants,
          serial_shops, shop, shop_fountains, nicolae_shop_crystal,
          nicolae_shop_gibbet_a_chance
Vaults:3: hellmonk_ghost_happy_afterlife, nicolae_vaults_trapezoid_1,
          nicolae_vaults_network_square, vaults_mumra_minichess,
          v_alt_pattern_4, nicolae_vaults_stepped_doors, ontoclasm_vaults_spin,
          dpeg_vaults_monster_box, ontoclasm_vaults_twist,
          layout_vaults_omnicross, serial_shops, nicolae_diamond_shop,
          uniq_mennas
Vaults:4: vaults_mumra_minichess_inversion, ontoclasm_vaults_shout,
          nicolae_vaults_more_shelving_2, v_pattern_2,
          nicolae_vaults_offset_grid_hallway_4,
          nicolae_vaults_closet_pinwheel_3, v_misc_4,
          nicolae_vaults_little_squares_5, hangedman_vaults_locks,
          nicolae_vaults_angled_halls, ontoclasm_vaults_misaligned,
          ontoclasm_vaults_ring_large, layout_vaults_omnibox
Vaults:5
Depths:1: layout_basic, hangedman_decor_push, serial_shops,
          nicolae_shop_pleasant_corner_grove, hell_entry, guppyfry_shop_venom,
          minmay_shop_grove, grunt_megastairs_1
Abyss:5:  base: Vaults:2, hangedman_steaming_rock,
          grunt_abyss_rune_wretched_hive

Skill      XL: |  1  2  3  4  5  6  7  8  9 10 11 12 13 14 15 16 17 18 19 20 21 22 23 24 25 26 27 |
---------------+----------------------------------------------------------------------------------+-----
Spellcasting   | 4 5 6 7 9 10 12 13 14 15 16 17 18 19 20 21 22 23 24 | 24.2
Conjurations   | 4 5 6 7 9 10 12 13 14 15 16 17 18 19 20 21 22 23 24 | 24.2
Hexes          | 4 5 6 7 9 10 12 13 14 15 16 17 18 19 20 21 22 23 24 | 24.2
Summonings     | 4 5 6 7 9 10 12 13 14 15 16 17 18 19 20 21 22 23 24 | 24.2
Necromancy     | 4 5 6 7 9 10 12 13 14 15 16 17 18 19 20 21 22 23 24 | 24.2
Translocations | 4 5 6 7 9 10 12 13 14 15 16 17 18 19 20 21 22 23 24 | 24.2
Fire Magic     | 4 5 6 7 9 10 12 13 14 15 16 17 18 19 20 21 22 23 24 | 24.2
Ice Magic      | 4 5 6 7 9 10 12 13 14 15 16 17 18 19 20 21 22 23 24 | 24.2
Air Magic      | 4 5 6 7 9 10 12 13 14 15 16 17 18 19 20 21 22 23 24 | 24.2
Earth Magic    | 4 5 6 7 9 10 12 13 14 15 16 17 18 19 21 22 24 26 27 | 27.0
Alchemy        | 4 5 6 7 9 10 12 13 14 15 16 17 18 19 20 21 22 23 24 | 24.2
Fighting       | 1 3 6 7 8 9 10 11 12 13 14 15 16 17 18 19 20 21 | 21.0
Stealth        | 2 3 6 7 8 9 |  9.3
Dodging        | 4 7 8 9 10 11 12 13 15 | 15.8
Armour         | 2 4 5 7 8 9 10 11 12 13 14 | 14.0
Shields        | 6 7 8 9 11 14 15 16 17 | 17.9

Action                     |  1- 3 |  4- 6 |  7- 9 | 10-12 | 13-15 | 16-18 | 19-21 | 22-24 | 25-27 || total
---------------------------+-------+-------+-------+-------+-------+-------+-------+-------+-------++-------
  Melee: Staff             |       |       |     1 |     4 |     2 |    17 |    11 |     4 |     3 ||    42
   Cast: Magic Dart        |    68 |    79 |   171 |   451 |   436 |   191 |    81 |       |       ||  1477
         Iskenderun's Myst |       |     4 |    19 |   152 |   319 |   426 |   438 |    48 |    94 ||  1500
         Fulminant Prism   |       |     1 |     3 |    23 |    28 |     4 |     6 |     2 |       ||    67
         Mephitic Cloud    |       |       |       |     1 |     4 |     3 |     3 |       |       ||    11
         Hailstorm         |       |       |       |       |    51 |    45 |    52 |     1 |       ||   149
         Starburst         |       |       |       |       |       |     7 |     3 |       |     2 ||    12
         Ignition          |       |       |       |       |       |       |   143 |   430 |    78 ||   651
         Ozocubu's Refrige |       |       |       |       |       |       |       |   282 |   482 ||   764
         Conjure Ball Ligh |       |       |       |       |       |       |       |       |     1 ||     1
    Use: Potion            |       |     3 |     1 |       |     1 |       |       |     1 |    29 ||    35
         Scroll            |       |       |     9 |    12 |     5 |     5 |    11 |     8 |     6 ||    56
 Armour: Robe              |     3 |    25 |    24 |    65 |       |       |       |       |       ||   117
         Leather armour    |       |       |       |    17 |   100 |   177 |   224 |    42 |       ||   560
         Acid dragon scale |       |       |       |       |       |    36 |       |       |       ||    36
         Skin              |       |       |       |       |       |     1 |       |       |       ||     1
         Pearl dragon scal |       |       |       |       |       |       |       |    20 |   133 ||   153
  Dodge: Dodged            |     4 |    24 |    23 |    48 |    55 |   108 |   130 |    48 |    70 ||   510
  Block: Buckler           |       |       |       |     6 |       |       |       |       |       ||     6
         Kite shield       |       |       |       |    15 |    75 |   168 |   225 |    73 |   110 ||   666

Table legend: (Time is in decaauts)
 A = Elapsed time spent in this place.
 B = Non-inter-level travel time spent in this place.
 C = Inter-level travel time spent in this place.
 D = Time resting spent in this place.
 E = Time spent auto-exploring this place.
 F = Levels seen in this place.
 G = Mean time per level.
                   A        B        C        D        E       F      G
               +--------+--------+--------+--------+--------+-----+--------+
         Total |  53175 |  48854 |   4321 |      0 |  36982 |  54 |  984.7 |
       Dungeon |  16773 |  14739 |   2034 |      0 |  11563 |  15 | 1118.2 |
        Temple |     40 |     40 |      0 |      0 |      0 |   1 |   40.0 |
          Lair |   9282 |   8020 |   1262 |      0 |   6694 |   5 | 1856.4 |
        Shoals |   3600 |   3454 |    146 |      0 |   2815 |   4 |  900.0 |
     Snake Pit |   4215 |   4001 |    214 |      0 |   2745 |   4 | 1053.8 |
    Slime Pits |   2867 |   2745 |    122 |      0 |   1860 |   5 |  573.4 |
  Orcish Mines |   2403 |   2270 |    133 |      0 |   1674 |   2 | 1201.5 |
   Elven Halls |   2891 |   2710 |    181 |      0 |   1901 |   3 |  963.7 |
        Vaults |   6385 |   6205 |    180 |      0 |   4621 |   5 | 1277.0 |
        Depths |    725 |    680 |     45 |      0 |    615 |   1 |  725.0 |
         Abyss |   1523 |   1523 |      0 |      0 |    669 |   5 |  304.6 |
         Trove |    111 |    111 |      0 |      0 |      0 |   1 |  111.0 |
         Sewer |    885 |    885 |      0 |      0 |    712 |   1 |  885.0 |
       Ossuary |    435 |    435 |      0 |      0 |    303 |   1 |  435.0 |
        Bailey |   1034 |   1034 |      0 |      0 |    810 |   1 | 1034.0 |
               +--------+--------+--------+--------+--------+-----+--------+

Top non-repeatable levels by time:
  Lair:5: 2581 daAuts
  Lair:3: 2134 daAuts
Vaults:5: 1784 daAuts
     D:9: 1762 daAuts
   Orc:2: 1660 daAuts
  Lair:2: 1633 daAuts
  Lair:1: 1633 daAuts
     D:5: 1497 daAuts
Vaults:3: 1456 daAuts
    D:13: 1452 daAuts
 Snake:4: 1324 daAuts
  Lair:4: 1298 daAuts
   Elf:3: 1275 daAuts
     D:6: 1260 daAuts
Vaults:4: 1232 daAuts
